 Dungeon Crawl Stone Soup version 0.27-a0-1299-g1ab19c6527 (webtiles) character file.

Game seed: 5103542355946375082

82140 mordus the Fencer (level 16, -3/124 HPs)
             Began as a Formicid Fighter on June 16, 2021.
             Was a High Priest of the Shining One.
             Killed by divine providence
             ... invoked by an orc high priest
              (18 damage)
             ... on level 1 of the Orcish Mines.
             The game lasted 01:02:15 (25671 turns).

mordus the Fencer (Formicid Fighter)               Turns: 25671, Time: 01:02:15

Health: -3/124     AC: 44    Str: 31    XL:     16   Next: 20%
Magic:  8/24       EV:  6    Int: 15    God:    the Shining One [*****.]
Gold:   163        SH: 31    Dex: 16    Spells: 15/15 levels left

rFire    + . .     SeeInvis +   k - +2 double sword "Gakhlerph" {freeze, Contam rF+ rC+}
rCold    + + .     Faith    .   U - +1 kite shield {AC+3}
rNeg     + + +     Spirit   .   K - +11 crystal plate armour of Mumiv {Slay+6}
rPois    +         Reflect  +   (helmet unavailable)
rElec    .         Harm     +   q - +2 cloak
rCorr    .         Rampage  .   H - +1 pair of gloves
Will     +....     Clarity  +   o - +0 pair of boots
Stlth    ..........             Q - amulet of Traps {Reflect Harm rPois SH+5}
HPRegen  0.30/turn              i - +6 ring of dexterity
MPRegen  0.19/turn              P - ring "Kuihyeg" {Fly rN+ Str+6 Int+4 Stlth-}

@: divinely shielded, flying, glowing
A: permanent stasis, dig shafts and tunnels, antennae 3, four strong arms,
talons 1, clarity, cold resistance 1, low mp 1
a: Dig, Shaft Self, Renounce Religion, Divine Shield, Cleansing Flame, Summon
Divine Warrior


You were on level 1 of the Orcish Mines.
You worshipped the Shining One.
The Shining One was extremely pleased with you.
You visited 3 branches of the dungeon, and saw 22 of its levels.
You also visited: Ossuary and Gauntlet.

You collected 2146 gold pieces.
You spent 1983 gold pieces at shops.

Inventory:

Hand Weapons
 a - a +2 scimitar of flaming
 k - the +2 double sword "Gakhlerph" (weapon) {freeze, Contam rF+ rC+}
   (You acquired it on level 5 of the Dungeon)

   It has been specially enchanted to freeze those struck by it, causing extra
   injury to most foes and up to half again as much damage against particularly
   susceptible opponents.
   It can also slow down cold-blooded creatures.
   It protects you from fire.
   It protects you from cold.
   It causes magical contamination when unequipped.
 A - the +10 whip of Stickiness {freeze, Int+4}
   (You found it on level 4 of the Lair of Beasts)

   It has been specially enchanted to freeze those struck by it, causing extra
   injury to most foes and up to half again as much damage against particularly
   susceptible opponents.
   It can also slow down cold-blooded creatures.
   It affects your intelligence (+4).
 F - a +0 great sword
Missiles
 T - 10 curare-tipped darts
Armour
 c - the +6 chain mail of Experimentation {rElec rC+}
   (You found it on level 3 of the Lair of Beasts)

   It protects you from cold.
   It insulates you from electricity.
 o - a +0 pair of boots (worn)
 q - a +2 cloak (worn)
 s - a +2 plate armour of willpower
 H - a +1 pair of gloves (worn)
 K - the +11 crystal plate armour of Mumiv (worn) {Slay+6}
   (You bought it in a shop on level 1 of the Dungeon)

   It affects your accuracy and damage with ranged weapons and melee attacks
   (+6).
 U - a +1 kite shield of protection (worn)
Jewellery
 i - a +6 ring of dexterity (left hand)
 r - a ring of willpower
 w - a +6 ring of dexterity
 B - a ring of protection from cold
 C - a ring of flight
 O - an amulet of guardian spirit
 P - the ring "Kuihyeg" (right hand) {Fly rN+ Str+6 Int+4 Stlth-}
   (You found it in a Gauntlet)

   [ring of strength]

   It affects your strength (+6).
   It affects your intelligence (+4).
   It protects you from negative energy.
   It grants you flight.
   It makes you less stealthy.
 Q - the amulet of Traps (around neck) {Reflect Harm rPois SH+5}
   (You found it in a Gauntlet)

   [amulet of reflection]

   It reflects blocked missile attacks.
   It protects you from poison.
   It affects your SH (+5).
   It increases damage dealt and taken.
Wands
 b - a wand of flame (48)
 l - a wand of mindburst (48)
 n - a wand of paralysis (10)
 y - a wand of acid (36)
 I - a wand of polymorph (12)
 L - a wand of iceblast (31)
 V - a wand of charming (5)
Scrolls
 g - 19 scrolls of identify
 h - 4 scrolls of magic mapping
 t - 2 scrolls of amnesia
 v - a scroll of enchant armour
 z - a scroll of enchant weapon {unknown}
 D - 3 scrolls of fog
 G - 2 scrolls of acquirement
Potions
 d - 4 potions of might
 e - 3 potions of brilliance
 f - 3 potions of heal wounds
 j - 3 potions of lignification
 m - 10 potions of curing
 p - 4 potions of resistance
 u - a potion of cancellation
 x - 7 potions of mutation
 J - 2 potions of magic


   Skills:
 * Level 10.8 Fighting
 + Level 16.4 Long Blades
 + Level 13.7 Armour
 + Level 10.5 Shields
 - Level 14.6 Invocations


You had 15 spell levels left.
You didn't know any spells.
Your spell library contained the following spells:

 Spells                   Type           Power      Damage    Failure   Level
 Animate Skeleton         Necr           0%         N/A       99%         1
 Magic Dart               Conj           0%         1d3       99%         1
 Pain                     Necr           0%         1d4       99%         1
 Sandblast                Erth           0%         2d4       99%         1
 Shock                    Conj/Air       0%         1d3       99%         1
 Passwall                 Tmut/Erth      0%         N/A       100%        2
 Searing Ray              Conj           0%         3d3       100%        2
 Static Discharge         Conj/Air       0%         N/A       100%        2
 Dazzling Flash           Conj/Hex       0%         N/A       100%        3
 Stone Arrow              Conj/Erth      0%         3d7       100%        3
 Vampiric Draining        Necr           0%         2d6       100%        3
 Airstrike                Air            0%         N/A       100%        4
 Animate Dead             Necr           0%         N/A       100%        4
 Fulminant Prism          Conj/Hex       0%         3d6       100%        4
 Iskenderun's Mystic Bla  Conj/Tloc      0%         2d3       100%        4
 Petrify                  Tmut/Erth      0%         N/A       100%        4
 Agony                    Necr           0%         N/A       100%        5
 Lee's Rapid Deconstruct  Erth           0%         3d5*      100%        5
 Lightning Bolt           Conj/Air       0%         1d11      100%        5
 Summon Forest            Summ/Tloc      0%         N/A       100%        5
 Summon Mana Viper        Hex/Summ       0%         N/A       100%        5
 Shadow Creatures         Summ           N/A        N/A       100%        6
 Summon Hydra             Summ           0%         N/A       100%        7
 Swiftness                Air            Unusable   N/A       N/A         3

Dungeon Overview and Level Annotations

Branches:
Dungeon (14/15)            Temple (0/1) D:5            Lair (6/6) D:11
 Shoals (0/4) Lair:2       Spider (0/4) Lair:3        Slime (0/5) Lair:6
    Orc (2/2) D:11        Ossuary (visited)         Gauntlet (visited)
    Elf: Orc:2       Vaults: D:13-14

Altars:
Cheibriados
Dithmenos
Elyvilon
Gozag
Hepliaklqana
Nemelex Xobeh
Ru
Trog
Wu Jian
Xom
Yredelemnul
Zin
The Shining One
Jiyva

Shops:
D:1 [   D:5 [*   Orc:1 ?

Portals:
Trove: D:11 (give crystal plate armour of Mumiv)

Annotations:
D:10 2 runed translucent doors, JustDeevil's ghost, journeyman DrCj


Innate Abilities, Weirdness & Mutations

You cannot be hasted, slowed, berserked, paralysed or teleported.
You can dig through walls and to a lower floor.
You have a pair of large antennae on your head. (SInv)
Your four strong arms can wield two-handed weapons with a shield.
You have sharp toenails.
You possess an exceptional clarity of mind.
Your flesh is cold resistant. (rC+)
Your magical capacity is low. (-10% MP)


Message History

You slash the orc knight! You freeze the orc knight!
The orc knight is severely wounded.
Your angel hits the orc knight with a +3 whip of holy wrath! x2
The orc knight dies!
You block the red devil's attack.
Your angel hits the orc knight with a +1 whip of holy wrath!!
Your angel's attack snaps the orc knight out of its fear.
Your angel hits the orc knight with a +1 whip of holy wrath!
You see here a +0 giant spiked club.
Your angel hits the red devil with a +3 whip of holy wrath.
The red devil convulses.
Your angel hits the red devil with a +3 whip of holy wrath!
The red devil convulses!
You block the red devil's attack.
Things that are here:
a +0 battleaxe; a +0 plate armour; an orc corpse Your angel hits the red devil with a +3 whip of holy wrath!
The red devil dies!
Things that are here:
a +0 chain mail; a +0 long sword; an orc skeleton The orc high priest no longer looks unusually strong.
The orc high priest mumbles some strange prayers to Beogh.
Send 'em back where they came from!
The Shining One protects your fellow warrior from evil magic! x2
There is a stone staircase leading down, spattered with blood here.
An orc high priest is nearby!
What are your orders? t - Shout!
Orders for allies: a - Attack new target. r - Retreat! s - Stop attacking. g - Guard the area. f - Follow me.
Anything else - Cancel.
Gang up on whom?
Press: ? - help, Dir - move target, f - orc high priest
Aim: an orc high priest, wielding a +0 flail (haloed) Attack!
Your angel hits the orc high priest with a +1 whip of holy wrath.
Your angel hits the orc high priest with a +1 whip of holy wrath!
The orc high priest mumbles some strange prayers to Beogh against you.
Beogh smites you!
You die...

##.##.........[[[.......#...
##...#.........[..[..#.......
##.#.#............)[..........
#.................)[..#......#
##.#.#.......o.....[).∩....###
######.....AA.......(.....###
##.#####........#.........###.
##...##......[)[............#..
#....#.......[@[...............
##...........[.[.[.............
###.#...............#>........
###.......))[)...........###
##.........)[........##..#..
#.............#...#.##......
#.....#.......##.#.#........
##...........................
#............................


You could see an orc high priest (ally target) and 2 friendly angels.

Vanquished Creatures
  Rupert (Lair:6)
  Jorgrun (D:12)
  Frances (D:14)
  Agnes (D:14)
  Nessos (D:13)
  A minotaur (Gauntlet)
  Snorg (D:13)
  Josephine (D:13)
  2 boulder beetles (Lair:6)
  4 hydras
  A centaur warrior (D:13)
  2 catoblepae
  A tengu warrior (D:12)
  3 two-headed ogres (D:11)
  13 death yaks
  2 sixfirhies (Gauntlet)
  2 deep elf pyromancers (D:13)
  A wizard (Gauntlet)
  2 orc knights (Orc:1)
  An oklob plant (Lair:5)
  2 orc sorcerers (Orc:1)
  A wolf spider (Lair:4)
  2 ugly things (D:11)
  4 cyclopes
  18 elephants
  A manticore (D:13)
  Maurice (D:13)
  7 black mambas
  Joseph (D:7)
  A torpor snail (Lair:5)
  11 cane toads
  A gargoyle (D:12)
  An efreet (D:14)
  2 rime drakes (Lair:6)
  A yaktaur (D:14)
  A kobold demonologist (D:10)
  9 komodo dragons
  A tengu conjurer (D:12)
  3 trolls
  5 polar bears
  Grinder (D:6)
  6 hornets
  24 blink frogs
  5 slime creatures (D:14)
  A dream sheep (Lair:6)
  2 redbacks (Lair:4)
  4 wyverns
  11 spriggans
  26 yaks
  3 wraiths (D:13)
  6 steam dragons
  8 vampire mosquitoes
  4 basilisks
  4 wargs
  Menkaure (D:6)
  2 acid dragons
  11 water moccasins
  Edmund (D:4)
  17 orc warriors
  Duvessa (D:7)
  2 ice beasts
  A swamp drake (D:10)
  2 sky beasts
  2 black bears (Lair:6)
  22 wolves
  6 ogres
  5 boggarts
  5 necrophages
  7 centaurs
  17 bullfrogs
  A scorpion (D:5)
  A wyvern zombie (D:6)
  5 water moccasin zombies
  Dowan (D:7)
  A wyvern skeleton (D:7)
  2 water moccasin skeletons
  5 killer bees (D:9)
  An electric eel (D:11)
  4 wights (D:8)
  2 howler monkeys (D:14)
  4 centaur zombies
  A bullfrog zombie (D:6)
  10 hounds
  2 centaur skeletons
  A gnoll shaman (D:8)
  7 orc priests
  3 iguanas
  11 orc wizards
  A scorpion zombie (D:5)
  A killer bee zombie (D:7)
  3 mummies
  Robin (D:4)
  9 adders
  8 gnolls
  4 shadow imps
  A white imp (D:6)
  An ufetubus (D:5)
  6 adder zombies (Ossuary)
  A worm (D:4)
  2 dart slugs
  56 orcs
  10 endoplasms
  3 giant cockroaches (D:4)
  11 goblins
  16 hobgoblins
  2 jackals (D:2)
  6 quokkas
  5 ball pythons
  3 bats
  2 frilled lizards
  A gnoll zombie (Ossuary)
  9 hobgoblin zombies
  5 kobolds
  3 kobold zombies (Ossuary)
  5 orc zombies
  11 rats
570 creatures vanquished.

Vanquished Creatures (collateral kills)
  A boulder beetle (Lair:4)
  A sixfirhy (Gauntlet)
  An orange crystal statue (Gauntlet)
  An orc knight (Orc:1)
  A cane toad (Lair:5)
  An elephant (Lair:5)
6 creatures vanquished.

Vanquished Creatures (others)
  A gnoll (D:8)
  2 orcs
  35 fungi
  18 plants
56 creatures vanquished.

Grand Total: 632 creatures vanquished

Notes
Turn   | Place    | Note
-------+----------+-------------------------------------------
     0 | D:1      | mordus the Formicid Fighter began the quest for the Orb.
     0 | D:1      | Reached XP level 1. HP: 18/18 MP: 1/1
   135 | D:1      | Reached XP level 2. HP: 23/24 MP: 2/2
   535 | D:1      | Found Yrrytuul's Armour Shop.
   702 | D:1      | Reached XP level 3. HP: 29/29 MP: 3/3
   726 | D:1      | Reached skill level 3 in Long Blades
  1395 | D:2      | Found a basalt altar of Yredelemnul.
  1418 | D:2      | Reached XP level 4. HP: 23/35 MP: 4/4
  1884 | D:3      | Noticed a necrophage
  1888 | D:3      | Killed a necrophage
  1889 | D:3      | Reached skill level 4 in Long Blades
  1889 | D:3      | Reached skill level 5 in Shields
  1889 | D:3      | Reached XP level 5. HP: 26/41 MP: 5/5
  2048 | D:3      | Reached XP level 6. HP: 42/47 MP: 6/6
  2106 | D:3      | Reached skill level 5 in Long Blades
  2225 | D:3      | Found a faded altar of an unknown god.
  2440 | D:3      | Found a glowing silver altar of Zin.
  2442 | D:3      | Found a white marble altar of Elyvilon.
  2443 | D:3      | Found a glowing golden altar of the Shining One.
  2679 | D:3      | Became a worshipper of the Shining One
  2854 | D:4      | Noticed Robin
  2901 | D:4      | Killed Robin
  3029 | D:4      | Noticed Edmund
  3045 | D:4      | You fall into a shaft and drop 1 floor!
  3045 | D:5      | Entered Level 5 of the Dungeon
  3045 | D:5      | Found a staircase to the Ecumenical Temple.
  3045 | D:5      | Found a shadowy altar of Dithmenos.
  3324 | D:5      | Noticed a necrophage
  3332 | D:5      | Killed a necrophage
  3333 | D:5      | Reached XP level 7. HP: 47/52 MP: 7/7
  3376 | D:4      | Killed Edmund
  3377 | D:4      | Reached skill level 6 in Long Blades
  3440 | D:4      | Found a sand-covered staircase.
  3450 | Ossuary  | Entered an ossuary
  3466 | Ossuary  | Reached * piety under the Shining One
  3532 | Ossuary  | Reached ** piety under the Shining One
  3622 | Ossuary  | Reached skill level 7 in Long Blades
  3622 | Ossuary  | Reached skill level 1 in Invocations
  3622 | Ossuary  | Reached XP level 8. HP: 48/58 MP: 8/8
  3633 | Ossuary  | Reached *** piety under the Shining One
  4336 | D:5      | Found Xyil's Antique Armour Boutique.
  4475 | D:5      | Identified a scroll of acquirement
  4475 | D:5      | Acquired the +2 double sword "Gakhlerph" {freeze, Contam
                  | rF+ rC+}
  5071 | D:5      | Found Edyih's Assorted Antiques.
  5210 | D:5      | Found a hazy altar of Hepliaklqana.
  5211 | D:5      | Found a shimmering altar of Xom.
  5212 | D:5      | Noticed a spectral ugly thing
  5384 | D:5      | Reached skill level 8 in Long Blades
  5586 | D:6      | Reached XP level 9. HP: 58/64 MP: 11/11
  5659 | D:6      | Reached **** piety under the Shining One
  5666 | D:6      | Noticed Grinder
  5669 | D:6      | Reached skill level 9 in Long Blades
  5688 | D:6      | Killed Grinder
  5689 | D:6      | Reached skill level 5 in Invocations
  5972 | D:6      | Reached skill level 10 in Long Blades
  5972 | D:6      | Reached XP level 10. HP: 65/70 MP: 14/14
  6127 | D:6      | Noticed Menkaure
  6135 | D:6      | Killed Menkaure
  6192 | D:7      | Noticed Duvessa
  6192 | D:7      | Noticed Dowan
  6195 | D:7      | Killed Dowan
  6203 | D:7      | Killed Duvessa
  6346 | D:7      | Found an ornate altar of the Wu Jian Council.
  6347 | D:7      | Noticed Joseph
  6365 | D:7      | Killed Joseph
  6574 | D:7      | Found a sparkling altar of Nemelex Xobeh.
  6575 | D:7      | Found an opulent altar of Gozag.
  6640 | D:7      | Reached skill level 11 in Long Blades
  6864 | D:8      | Reached skill level 5 in Armour
  6868 | D:8      | Reached ***** piety under the Shining One
  7595 | D:9      | Reached XP level 11. HP: 75/75 MP: 17/17
  7646 | D:9      | Found a flagged portal.
  7881 | D:9      | Found the +0 staff of Battle
  8335 | D:10     | Entered Level 10 of the Dungeon
  8399 | D:10     | Reached skill level 12 in Long Blades
  8449 | D:10     | Found a runed translucent door.
  8450 | D:10     | Noticed a centaur warrior
  8450 | D:10     | Noticed a wolf spider
  8450 | D:10     | Noticed a lich
  8450 | D:10     | Noticed a stone giant
  8451 | D:10     | Noticed a skeletal warrior
  8452 | D:10     | Noticed a necromancer
  8453 | D:10     | Noticed a skeletal warrior
  8454 | D:10     | Noticed JustDeevil's ghost (journeyman DrCj)
  8458 | D:10     | Found a runed translucent door.
  8614 | D:10     | Identified the +11 flail of Kurusch {drain, Contam Int+6}
  8662 | D:10     | Noticed a cyclops
  8669 | D:10     | Killed a cyclops
  9045 | D:10     | Found a basalt altar of Yredelemnul.
  9148 | D:10     | Found a snail-covered altar of Cheibriados.
  9148 | D:10     | Found a bloodstained altar of Trog.
  9149 | D:10     | Found a sacrificial altar of Ru.
  9356 | D:11     | Found a staircase to the Lair.
  9394 | D:11     | Noticed a two-headed ogre
  9559 | D:11     | Killed a two-headed ogre
  9706 | D:11     | Noticed a cyan ugly thing
  9724 | D:11     | Killed a cyan ugly thing
  9916 | D:11     | Noticed a two-headed ogre
  9923 | D:11     | Killed a two-headed ogre
 10035 | D:11     | Noticed a two-headed ogre
 10044 | D:11     | Killed a two-headed ogre
 10045 | D:11     | Reached skill level 13 in Long Blades
 10200 | D:11     | Found a portal to a secret trove of treasure.
 10343 | D:11     | Reached XP level 12. HP: 81/81 MP: 19/19
 10656 | D:11     | Found a staircase to the Orcish Mines.
 10873 | D:11     | Reached skill level 10 in Invocations
 11411 | D:12     | Found a gate leading to a gauntlet.
 11430 | Gauntlet | Entered a Gauntlet
 11430 | Gauntlet | Found a transporter.
 11430 | Gauntlet | Found a transporter.
 11430 | Gauntlet | Found a transporter.
 11431 | Gauntlet | Found a transporter.
 11434 | Gauntlet | Found a transporter.
 11434 | Gauntlet | Found a transporter.
 11439 | Gauntlet | Noticed a sixfirhy
 11440 | Gauntlet | Noticed a sixfirhy
 11446 | Gauntlet | Found a transporter.
 11448 | Gauntlet | Found a transporter.
 11450 | Gauntlet | Noticed a sixfirhy
 11458 | Gauntlet | Found a transporter.
 11560 | Gauntlet | Found a transporter.
 11564 | Gauntlet | Found a transporter.
 11574 | Gauntlet | Found a transporter.
 11768 | Gauntlet | Killed a sixfirhy
 11780 | Gauntlet | Killed a sixfirhy
 11781 | Gauntlet | Killed a sixfirhy
 11788 | Gauntlet | Identified the ring "Kuihyeg" {Fly rN+ Str+6 Int+4 Stlth-}
 12014 | Gauntlet | Identified the amulet of Traps {Reflect Harm rPois SH+5}
 12101 | Gauntlet | Identified the +5 broad axe "Pitty" {freeze, rElec Int+2}
 12101 | Gauntlet | Noticed a minotaur
 12108 | Gauntlet | Killed a minotaur
 12134 | Gauntlet | Identified the +4 war axe of Aghiwnei {flame, rC+}
 12259 | D:12     | Noticed Jorgrun
 12267 | D:12     | Killed Jorgrun
 12268 | D:12     | Reached skill level 14 in Long Blades
 12568 | D:12     | Identified the +7 flail "Lifebane" {antimagic, rC+ Will+
                  | Int-2}
 12579 | D:12     | Noticed a tengu warrior
 12589 | D:12     | Killed a tengu warrior
 12590 | D:12     | Reached XP level 13. HP: 65/86 MP: 21/21
 13113 | D:13     | Noticed a centaur warrior
 13121 | D:13     | Killed a centaur warrior
 13294 | D:13     | Noticed Nessos
 13301 | D:13     | Killed Nessos
 13545 | D:13     | Noticed Maurice
 13552 | D:13     | Killed Maurice
 13553 | D:13     | Reached skill level 10 in Armour
 13634 | D:13     | Noticed Josephine
 13644 | D:13     | Killed Josephine
 13645 | D:13     | Reached skill level 15 in Long Blades
 13655 | D:13     | Noticed Snorg
 13655 | D:13     | Reached ****** piety under the Shining One
 13666 | D:13     | Killed Snorg
 14199 | D:14     | Noticed Frances
 14208 | D:14     | Killed Frances
 14462 | D:14     | Noticed Agnes
 14474 | D:14     | Killed Agnes
 14939 | D:14     | Identified the +1 leather armour "Tumiuq" {rC+}
 15030 | Lair:1   | Entered Level 1 of the Lair of Beasts
 15247 | Lair:1   | Reached XP level 14. HP: 93/93 MP: 23/23
 15815 | Lair:2   | Reached skill level 16 in Long Blades
 16105 | Lair:2   | Found a staircase to the Shoals.
 16691 | Lair:3   | Gained mutation: You are robust. (+10% HP) [mutagenic glow]
 16885 | Lair:3   | Found a hole to the Spider Nest.
 17120 | Lair:3   | Reached skill level 5 in Fighting
 17440 | Lair:3   | Identified the +6 chain mail of Experimentation {rElec rC+}
 17638 | Lair:3   | Identified the +5 falchion "Wiasom" {vamp, Int+2}
 18074 | Lair:4   | Found a runed translucent door.
 19564 | Lair:4   | Identified the +10 whip of Stickiness {freeze, Int+4}
 19666 | Lair:5   | Reached XP level 15. HP: 96/118 MP: 25/25
 19801 | Lair:5   | Lost mutation: You are robust. (+10% HP) [potion of
                  | mutation]
 19801 | Lair:5   | Gained mutation: Your muscles are strong. (Str +2) [potion
                  | of mutation]
 19801 | Lair:5   | Gained mutation: Potions are less effective at restoring
                  | your health. [potion of mutation]
 19802 | Lair:5   | Lost mutation: Your muscles are strong. (Str +2) [potion of
                  | mutation]
 19802 | Lair:5   | Lost mutation: Potions are less effective at restoring your
                  | health. [potion of mutation]
 19802 | Lair:5   | Gained mutation: Armour fits poorly on your strangely
                  | shaped body. [potion of mutation]
 19802 | Lair:5   | Gained mutation: You are agile. (Dex +2) [potion of
                  | mutation]
 19803 | Lair:5   | Lost mutation: Armour fits poorly on your strangely shaped
                  | body. [potion of mutation]
 19803 | Lair:5   | Lost mutation: You are agile. (Dex +2) [potion of mutation]
 19803 | Lair:5   | Gained mutation: Your flesh is cold resistant. (rC+)
                  | [potion of mutation]
 19803 | Lair:5   | Gained mutation: Your magical capacity is low. (-10% MP)
                  | [potion of mutation]
 19803 | Lair:5   | Gained mutation: You possess an exceptional clarity of
                  | mind. [potion of mutation]
 19803 | Lair:5   | Gained mutation: You have sharp toenails. [potion of
                  | mutation]
 20742 | Lair:6   | Entered Level 6 of the Lair of Beasts
 21122 | Lair:6   | Noticed Rupert
 21141 | Lair:6   | Killed Rupert
 22730 | Lair:5   | Reached skill level 10 in Fighting
 22733 | Lair:5   | Reached skill level 10 in Shields
 22804 | Lair:6   | Found a viscous altar of Jiyva.
 22813 | Lair:6   | Found a staircase to the Slime Pits.
 23625 | Lair:6   | Reached XP level 16. HP: 123/123 MP: 24/24
 24434 | Orc:1    | Entered Level 1 of the Orcish Mines
 24434 | Orc:1    | Found Joptuen's Magic Scroll Emporium.
 25051 | D:1      | Bought the +11 crystal plate armour of Mumiv {Slay+6} for
                  | 1983 gold pieces
 25342 | Orc:2    | Entered Level 2 of the Orcish Mines
 25671 | Orc:1    | Killed from afar by an orc high priest

Illustrated notes

Levels and vault maps discovered:
D:1:      heliophobic_arrival_henge, layout_loops_ring, serial_shops, shop,
          hex_medium
D:2:      layout_rooms, basic_altar, minmay_distorted
D:3:      cheibrodos_old_hovel, layout_loops_cross, good_gods_mini_temple,
          ebering_ecumenical_altar_sacrificial, serial_bayou_pond_e
D:4:      layout_rooms, portal_sewer_entry_b, nicolae_ossuary_entry_giza,
          uniq_edmund, uniq_robin
D:5:      layout_basic, regret_index_temple_of_mockery, grunt_dithmenos_smoke,
          minmay_temple_entry_mist, serial_shops, shop, nicolae_stop_n_shop_2
D:6:      layout_rooms, minmay_misc_feat_encased, serial_park_tiny_2,
          uniq_grinder, uniq_menkaure
D:7:      layout_gridville, grunt_temple_overflow_opulence,
          nicolae_wu_jian_wuxing_cycle, uniq_duvessa, uniq_joseph
D:8:      layout_loops_cross, st_stairs_12
D:9:      layout_rooms, enter_bailey_4
D:10:     layout_small_grid, nicolae_overflow_hidden_temple,
          lemuel_zombie_altar_yredelemnul, muffindrake_ghost_dual_entry,
          lightli_minifort
D:11:     layout_basic, erik_lair_island, erik_orc_1, trove_entry_hex_spiral
D:12:     layout_irregular_city, gauntlet_entry_generic, uniq_jorgrun
D:13:     layout_long_grid, uniq_maurice, uniq_nessos, uniq_snorg,
          uniq_josephine
D:14:     layout_stronghold, hangedman_vaults_entry_quadrant_bands,
          minmay_misc_feat_nine_boxes, uniq_agnes, uniq_frances
Lair:1:   layout_big_grid
Lair:2:   layout_layer_cave, shoals_dummy_entry, small_statue_intersection,
          grunt_megastairs_4
Lair:3:   layout_long_grid, spider_nest_entry_web_field
Lair:4:   gammafunk_indiana_jones, layout_layer_cave, serial_bayou_shore_b
Lair:5:   layout_roguey, minivault_27, hangedman_lair_unloving_vines,
          minivault_25, st_stairs_10, serial_bayou_shore_a, lemuel_fruit_tree
Lair:6:   minmay_lair_end_enchanted_forest, layout_gridlike, slime_altar_1,
          grunt_megastairs_5, uniq_rupert
Orc:1:    layout_caves, serial_shops, shop
Orc:2:    grunt_orc_gardens, layout_caves, grunt_orc_garden, grunt_orc_garden,
          grunt_orc_garden, grunt_orc_garden, serial_shops, shop,
          nicolae_orc_crystal_geode

Skill      XL: |  1  2  3  4  5  6  7  8  9 10 11 12 13 14 15 |
---------------+----------------------------------------------+-----
Shields        | 4 5 6 7 9 10 | 10.5
Long Blades    | 3 4 5 7 8 10 11 13 14 15 16 | 16.4
Invocations    | 1 3 6 8 9 11 12 14 | 14.6
Armour         | 5 7 9 10 12 13 | 13.7
Fighting       | 7 10 | 10.8

Action                   |  1- 3 |  4- 6 |  7- 9 | 10-12 | 13-15 | 16-18 || total
-------------------------+-------+-------+-------+-------+-------+-------++-------
Melee: Long sword        |    99 |   155 |   267 |       |       |       ||   521
       Double sword      |       |       |    42 |   429 |   190 |    86 ||   747
       Scimitar          |       |       |       |       |   598 |    34 ||   632
Invok: Divine Shield     |       |       |       |     2 |     3 |     2 ||     7
       Summon Divine War |       |       |       |     1 |     2 |     2 ||     5
       Cleansing Flame   |       |       |       |       |     2 |     1 ||     3
 Abil: Shaft Self        |       |     1 |       |       |       |       ||     1
       Dig               |       |       |       |     1 |     1 |       ||     2
  Use: Scroll            |       |       |     9 |     5 |     2 |     1 ||    17
       Potion            |       |       |       |       |    14 |       ||    14
Armor: Scale mail        |    42 |    31 |       |       |       |       ||    73
       Plate armour      |       |    67 |   151 |   214 |    79 |       ||   511
       Chain mail        |       |       |       |       |   242 |    19 ||   261
       Crystal plate arm |       |       |       |       |       |    19 ||    19
Dodge: Dodged            |    37 |    41 |    46 |    80 |   165 |    24 ||   393
Block: Kite shield       |    54 |    89 |   145 |   272 |   698 |   145 ||  1403
       Reflection        |       |       |       |     1 |    18 |     4 ||    23
       Rpst.: Long sword |    17 |    14 |    17 |       |       |       ||    48
       Double sword      |       |       |     1 |    14 |     3 |     5 ||    23
       Scimitar          |       |       |       |       |    33 |     1 ||    34

Table legend: (Time is in decaauts)
 A = Elapsed time spent in this place.
 B = Non-inter-level travel time spent in this place.
 C = Inter-level travel time spent in this place.
 D = Time resting spent in this place.
 E = Time spent auto-exploring this place.
 F = Levels seen in this place.
 G = Mean time per level.
                   A        B        C        D        E       F      G
               +--------+--------+--------+--------+--------+-----+--------+
         Total |  25535 |  24157 |   1378 |   5418 |  14180 |  24 | 1064.0 |
       Dungeon |  14756 |  13654 |   1102 |   2454 |   8659 |  14 | 1054.0 |
          Lair |   9165 |   8911 |    254 |   2419 |   5138 |   6 | 1527.5 |
  Orcish Mines |    668 |    647 |     21 |    265 |    227 |   2 |  334.0 |
       Ossuary |    244 |    244 |      0 |      0 |     27 |   1 |  244.0 |
      Gauntlet |    700 |    700 |      0 |    280 |    129 |   1 |  700.0 |
               +--------+--------+--------+--------+--------+-----+--------+

Top non-repeatable levels by time:
  Lair:5: 3255 daAuts
  Lair:4: 1885 daAuts
    D:11: 1820 daAuts
     D:5: 1550 daAuts
    D:10: 1458 daAuts
  Lair:6: 1290 daAuts
     D:1: 1269 daAuts
    D:13: 1148 daAuts
  Lair:3: 1079 daAuts
     D:3: 1038 daAuts
     D:4: 1013 daAuts
    D:12: 955 daAuts
  Lair:2: 931 daAuts
     D:9: 841 daAuts
     D:2: 798 daAuts
